 Dungeon Crawl Stone Soup version 0.28.0 (webtiles) character file.

Game seed: 3428573590004032251

769 AmazingTV the Skirmisher (level 7, 0/61 HPs)
             Began as a Minotaur Fighter on July 7, 2022.
             Slain by a gnoll sergeant (6 damage)
             ... on level 5 of the Dungeon.
             The game lasted 00:08:59 (4772 turns).

AmazingTV the Skirmisher (Minotaur Fighter)         Turns: 4772, Time: 00:09:00

Health: 0/61       AC:  7    Str: 23    XL:     7   Next: 52%
Magic:  8/8        EV:  9    Int:  7    God:
Gold:   185        SH:  5    Dex: 15    Spells: 6/6 levels left

rFire   . . .      SeeInvis +   b - +5 whip "Yntya" {vorpal, rN+ Int+2 Stlth-, mace}
rCold   . . .      Faith    .   c - +0 buckler
rNeg    + . .      Spirit   .   r - +0 scale mail
rPois   .          Reflect  .   (helmet restricted)
rElec   .          Harm     .   (no cloak)
rCorr   .          Rampage  .   (no gloves)
Will    .....                   (no boots)
Stlth   ..........              (no amulet)
HPRegen 0.20/turn               m - ring of see invisible
MPRegen 0.11/turn               y - +6 ring of dexterity

@: no status effects
A: horns 2, retaliatory headbutt
a: no special abilities


You were on level 5 of the Dungeon.
You visited 2 branches of the dungeon, and saw 6 of its levels.

You collected 185 gold pieces.


Innate Abilities, Weirdness & Mutations

You have a pair of horns on your head.
You reflexively headbutt those who attack you in melee.


   Skills:
 + Level 5.5 Fighting
 + Level 3.8(4.9) Axes
 + Level 4.6(5.3) Maces & Flails
 + Level 5.4 Armour
 + Level 5.4 Shields
 + Level 3.1 Invocations


You had 6 spell levels left.
You didn't know any spells.
Your spell library was empty.

Inventory:

Hand Weapons
 a - a +0 flail {mace}
 b - the +5 whip "Yntya" (weapon) {vorpal, rN+ Int+2 Stlth-, mace}
   (You found it on level 4 of the Dungeon)

   It inflicts extra damage upon your enemies.
   Int:       It affects your intelligence (+2).
   rN:        It protects you from negative energy.
   Stlth:     It makes you less stealthy.
 l - a +0 mace {mace}
   (You found it on level 2 of the Dungeon)
Missiles
 e - 172 stones
 f - 53 arrows
 h - 40 sling bullets
 z - 8 poisoned darts
Armour
 c - a +0 buckler (worn)
 r - a +0 scale mail (worn)
Jewellery
 m - a ring of see invisible (left hand)
   (You took it off a kobold on level 2 of the Dungeon)
 y - a +6 ring of dexterity (right hand)
   (You found it on level 5 of the Dungeon)
Wands
 q - a wand of flame (49) (quivered)
   (You found it on level 3 of the Dungeon)
Scrolls
 g - 2 scrolls of fog {unknown}
 i - a scroll of teleportation {unknown}
 k - a scroll of brand weapon {unknown}
 n - a scroll of acquirement {unknown}
 o - a scroll of holy word {unknown}
 u - a scroll of amnesia {unknown}
 v - a scroll of enchant weapon {unknown}
 x - 2 scrolls of identify {unknown}
Potions
 d - a potion of might
 j - a potion of lignification {unknown}
 p - a potion of heal wounds {@q2}
 s - a potion of curing {@q1}
 t - 2 potions of haste {unknown}
 w - a potion of mutation {unknown}

Dungeon Overview and Level Annotations

Branches:
Dungeon (5/15)             Temple (1/1) D:4

Altars:
Ashenzari
Cheibriados
Elyvilon
Fedhas
Kikubaaqudgha
Nemelex Xobeh
Ru
Trog
Uskayaw
Wu Jian
Xom
Yredelemnul
Zin
The Shining One

...##.##..####...P.......###
##.##........##.............
.............>...P..P.......
##..###.##..###.............
.............###...Y.[P.....
#..####.###..))...P.........
#...##..# #.#.####..##.#####
#.#.#..## #.).#####.##..####
......## ###...@##...#.....
.....## ###...g.#.##..# #....#
###.##.#....### #....#
#......).#....## #....#
##...P....#.....# ....###
#..P####......### .....<#
###...#..#...##.######
#.###.#####.....')[#...##.#....##
..###.......##..####...##.#....#○


You could see a gnoll sergeant.


Message History

You closely miss the kobold.
The kobold hits you with a +0 club. 😕 HP[-2]
You take 2 damage, and now have 58/61 hp.
You barely miss the kobold. Your headbutt misses the kobold.
The kobold hits you with a +0 club.
You closely miss the kobold. Your headbutt misses the kobold.
The kobold hits you with a +0 club. 😕 HP[-3]
You take 3 damage, and now have 55/61 hp.
You hit the kobold.
You kill the kobold!
z - 8 poisoned darts You see here a +0 club {mace}. 😎 HP[+6]
Your hp is fully restored (61).
There is an open door here.
You see here a +0 leather armour.
A gnoll sergeant is nearby!
No reachable target in view!
The gnoll sergeant shouts!
There is an ancient bone altar of Kikubaaqudgha here.
The gnoll sergeant hits you with a +6 spear of venom!
You are poisoned. 😕 HP[-9]
You take 9 damage, and now have 52/61 hp.
You barely miss the gnoll sergeant.
You feel sick.
The gnoll sergeant barely misses you. 😕 HP[-2]
You take 2 damage, and now have 50/61 hp.
You barely miss the gnoll sergeant.
Your headbutt misses the gnoll sergeant.
You feel sick.
The gnoll sergeant hits you with a +6 spear of venom.
You are more poisoned. 😕 HP[-4]
You take 4 damage, and now have 46/61 hp.
You whack the gnoll sergeant!
You feel very sick.
The gnoll sergeant hits you with a +6 spear of venom.
You are more poisoned. 😮 HP[-8]
You take 8 damage, and now have 38/61 hp.
You barely miss the gnoll sergeant.
You feel very sick.
The gnoll sergeant hits you with a +6 spear of venom!
* * * LOW HITPOINT WARNING * * *
You are more poisoned. 😨 HP[-17]
You take 17 damage, and now have 21/61 hp.
MASSIVE DAMAGE!! (PAUSE)
You feel better.
The gnoll sergeant hits you with a +6 spear of venom.
* * * LOW HITPOINT WARNING * * *
😨 HP[+5]
You regained 5 hp, and now have 26/61 hp.
The gnoll sergeant hits you from afar with a +6 spear of venom.
* * * LOW HITPOINT WARNING * * *
You are poisoned. 😨 HP[-5]
You take 5 damage, and now have 21/61 hp.
* * * LOW HITPOINT WARNING * * *
You feel very sick.
You block the gnoll sergeant's attack. 😨 HP[-4]
You take 4 damage, and now have 17/61 hp.
You feel very sick.
You see here a +0 leather armour. 😱 HP[-3]
You take 3 damage, and now have 14/61 hp.
You feel very sick. 😱 HP[-3]
You take 3 damage, and now have 11/61 hp.
You feel sick. 😱 HP[-1]
You take 1 damage, and now have 10/61 hp.
You feel sick. 😱 HP[-1]
You take 1 damage, and now have 9/61 hp.
You feel sick. 😱 HP[-2]
You take 2 damage, and now have 7/61 hp.
You feel sick. 😱 HP[-1]
You take 1 damage, and now have 6/61 hp.
You feel sick. 😱 HP[-1]
You take 1 damage, and now have 5/61 hp.
You feel sick.
You feel sick.
You are no longer poisoned. 😱 HP[-1]
You take 1 damage, and now have 4/61 hp. 😱 HP[+1]
Things that are here:
a +0 club {mace}; a +0 robe An ice beast comes into view.
There is a stone staircase leading up here. 😱 HP[+1]
The gnoll sergeant hits you from afar with a +6 spear of venom.
You die...

Skill      XL: |  1  2  3  4  5  6  7 |
---------------+----------------------+-----
Fighting       | 4 5 |  5.5
Axes           | 1 2 3 |  3.8
Invocations    | 1 2 3 |  3.1
Armour         | 4 5 |  5.4
Shields        | 4 5 |  5.4
Maces & Flails | 3 4 |  4.6

Action                   |  1- 3 |  4- 6 |  7- 9 || total
-------------------------+-------+-------+-------++-------
Melee: Flail             |    71 |    16 |       ||    87
       Headbutt          |     8 |    12 |     6 ||    26
       Whip              |       |    68 |    40 ||   108
  Use: Potion            |       |     1 |     1 ||     2
Armor: Scale mail        |    28 |    32 |     8 ||    68
Dodge: Dodged            |    36 |    31 |    10 ||    77
Block: Buckler           |    16 |    17 |    11 ||    44

Levels and vault maps discovered:
D:1:      nagdon_arrival_zigzag_paths, layout_rooms,
          shapermc_ecumenical_altar_mp_ritualfount, minmay_tromino_v7
D:2:      layout_basic
D:3:      layout_loops_cross, lemuel_doored_altar
D:4:      layout_gridville, nicolae_ru_sacrificial_ziggurat,
          nicolae_uskayaw_suspiria, minmay_temple_entry_wispy
D:5:      layout_rooms, nicolae_kikubaaqudgha_miasma_corner,
          minmay_misc_feat_nine_boxes, corexii_shack, minivault_14,
          amethyst_killhole, nicolae_grassy_gnolls, uniq_blork_the_orc,
          uniq_eustachio
Temple:   zaba_magenta_temple

Notes
Turn   | Place    | Note
-------+----------+-------------------------------------------
     0 | D:1      | AmazingTV the Minotaur Fighter began the quest for the Orb.
     0 | D:1      | Reached XP level 1. HP: 19/19 MP: 0/0
     0 | D:1      | magus.rc [v1.9.6]
   204 | D:1      | Reached XP level 2. HP: 26/27 MP: 1/1
   412 | D:1      | Found a faded altar of an unknown god.
   845 | D:2      | Reached skill level 4 in Fighting
   845 | D:2      | Reached skill level 1 in Axes
   845 | D:2      | Reached XP level 3. HP: 32/33 MP: 2/2
  1194 | D:2      | Reached skill level 1 in Invocations
  1310 | D:2      | Reached skill level 4 in Armour
  1310 | D:2      | Reached skill level 4 in Shields
  1755 | D:3      | Found a bloodstained altar of Trog.
  1846 | D:3      | Reached skill level 3 in Maces & Flails
  1846 | D:3      | Reached XP level 4. HP: 23/40 MP: 3/3
  2152 | D:3      | Noticed an ogre
  2368 | D:4      | Noticed a phantom
  2382 | D:4      | Killed a phantom
  2383 | D:4      | Reached skill level 2 in Axes
  2383 | D:4      | Reached XP level 5. HP: 28/47 MP: 3/5
  2509 | D:4      | Identified the +5 whip "Yntya" {vorpal, rN+ Int+2 Stlth-}
  2547 | D:4      | Found a staircase to the Ecumenical Temple.
  2559 | Temple   | Entered the Ecumenical Temple
  2684 | D:4      | Found a sacrificial altar of Ru.
  2850 | D:4      | Reached skill level 2 in Invocations
  2903 | D:4      | Reached XP level 6. HP: 42/55 MP: 6/6
  3456 | D:4      | Found a hide-covered altar of Uskayaw.
  3491 | D:5      | Entered Level 5 of the Dungeon
  3491 | D:5      | Noticed an ice beast
  3505 | D:4      | Killed an ice beast
  3506 | D:4      | Reached skill level 5 in Fighting
  3540 | D:5      | Found an ancient bone altar of Kikubaaqudgha.
  3558 | D:5      | Reached skill level 3 in Axes
  3558 | D:5      | Reached skill level 4 in Maces & Flails
  3571 | D:5      | Reached skill level 5 in Shields
  3751 | D:5      | HP: 12/56 [gnoll sergeant (7)]
  3757 | D:5      | HP: 13/56 [poisoned by a gnoll sergeant]
  3762 | D:4      | HP: 7/56 [poisoned by a gnoll sergeant]
  4145 | D:5      | Noticed Blork the orc
  4153 | D:5      | Killed Blork the orc
  4154 | D:5      | Reached skill level 5 in Armour
  4154 | D:5      | Reached XP level 7. HP: 50/61 MP: 6/8
  4247 | D:5      | Reached skill level 3 in Invocations
  4754 | D:5      | HP: 14/61 [poisoned by a gnoll sergeant]
  4759 | D:5      | HP: 6/61 [poisoned by a gnoll sergeant]
  4772 | D:5      | Slain by a gnoll sergeant

Vanquished Creatures
  A water moccasin (D:5)
  An ice beast (D:4)
  2 phantoms
  Blork the orc (D:5)
  A scorpion (D:4)
  A hound (D:5)
  A bullfrog skeleton (D:4)
  A gnoll shaman (D:5)
  A scorpion zombie (D:5)
  An iguana (D:4)
  A hound skeleton (D:4)
  6 adders
  3 gnolls (D:5)
  A dart slug (D:3)
  2 orcs (D:5)
  6 endoplasms
  2 giant cockroaches
  7 goblins
  6 hobgoblins
  2 jackals (D:4)
  4 kobolds
  5 quokkas
  4 ball pythons
  2 bats
  A frilled lizard (D:2)
  A rat (D:3)
64 creatures vanquished.

Vanquished Creatures (others)
  11 plants (D:5)
11 creatures vanquished.

Grand Total: 75 creatures vanquished

Table legend:
 A = Non-vault XP
 B = Vault XP
 C = Vault XP percentage of total XP
 D = Non-vault monster count
 E = Vault monster count
 F = Vault count percentage of total count
                 A         B        C        D         E       F
            +---------+---------+-------+---------+---------+-------
      Total |     916 |     183 |  16.7 |      55 |       9 |  14.1
            +---------+---------+-------+---------+---------+-------
        D:1 |      25 |       4 |  13.8 |      13 |       3 |  18.8
        D:2 |      44 |       0 |   0.0 |      12 |       0 |   0.0
        D:3 |      29 |       0 |   0.0 |       8 |       0 |   0.0
        D:4 |     461 |       0 |   0.0 |      15 |       0 |   0.0
        D:5 |     357 |     179 |  33.4 |       7 |       6 |  46.2
            +---------+---------+-------+---------+---------+-------

Illustrated notes

Table legend:
 A = Kills in this place as a percentage of kills in entire the game.
 B = Kills by you in this place as a percentage of kills by you in the entire game.
 C = Kills by friends in this place as a percentage of kills by friends in the entire game.
 D = Other kills in this place as a percentage of other kills in the entire game.
 E = Experience gained in this place as a percentage of experience gained in the entire game.
 F = Experience gained in this place divided by the number of levels of this place that you have seen.
                   A       B       C       D       E      F
               +-------+-------+-------+-------+-------+----------------------
         Total | 100.0 | 100.0 |   N/A |   N/A | 100.0 | 183.2
       Dungeon | 100.0 | 100.0 |   N/A |   N/A | 100.0 | 219.8
               +-------+-------+-------+-------+-------+----------------------

Table legend: (Time is in decaauts)
 A = Elapsed time spent in this place.
 B = Non-inter-level travel time spent in this place.
 C = Inter-level travel time spent in this place.
 D = Time resting spent in this place.
 E = Time spent auto-exploring this place.
 F = Levels seen in this place.
 G = Mean time per level.
                   A        B        C        D        E       F      G
               +--------+--------+--------+--------+--------+-----+--------+
         Total |   4791 |   4390 |    401 |   1319 |   2470 |   6 |  798.5 |
       Dungeon |   4705 |   4331 |    374 |   1319 |   2417 |   5 |  941.0 |
        Temple |     85 |     58 |     27 |      0 |     53 |   1 |   85.0 |
               +--------+--------+--------+--------+--------+-----+--------+

Top non-repeatable levels by time:
     D:4: 1568 daAuts
     D:2: 1010 daAuts
     D:1: 779 daAuts
     D:5: 743 daAuts
     D:3: 602 daAuts
  Temple: 85 daAuts
